 Dungeon Crawl Stone Soup version 0.31-a0-177-g4aa6249778 (webtiles) character file.

Game seed: 17458684378582445606

34018 qw the Marksnaga (level 13, -3/127 HPs)
             Began as a Naga Hunter on June 18, 2023.
             Was a High Priest of Okawaru.
             Killed from afar by a guardian serpent (8 damage)
             ... with a bolt of poison
             ... on level 5 of the Lair of Beasts.
             The game lasted 00:05:37 (14074 turns).

qw the Marksnaga (Naga Hunter)                     Turns: 14074, Time: 00:05:37

Health: -3/127     AC: 23    Str: 20    XL:     13   Next: 74%
Magic:  20/20      EV: 14    Int: 11    God:    Okawaru [*****.]
Gold:   1138       SH:  0    Dex: 18    Spells: 12/12 levels left

rFire   + . .        B - +8 triple crossbow of Guilt {flame, Str+3}
rCold   + . .        (shield currently unavailable)
rNeg    + + .        l - +2 ring mail of the Slightly Bent {Drain rC+ rN+ rCorr}
rPois   +            a - +2 hat {Will+}
rElec   .            n - +2 cloak
rCorr   +            e - +2 pair of gloves
SInv    +            (no barding)
Will    ++...        u - amulet of faith
Stlth   +++          t - ring "Pyfitic" {*Slow rF+ rN+ Str+3}
HPRegen 0.41/turn    w - +4 ring of protection
MPRegen 0.17/turn

%: slow self (1%), faith
@: lethally poisoned (-3 -> -8), about to teleport, heroic, very slow
A: AC +4, large, see invisible, deformed body, poison resistance, slowness 2,
spit poison 1, naga tail 2
a: Spit Poison, Renounce Religion, Heroism, Finesse, Duel


You were on level 5 of the Lair of Beasts.
You worshipped Okawaru.
Okawaru was extremely pleased with you.
You visited 3 branches of the dungeon, and saw 17 of its levels.
You also visited: Ossuary.

You collected 1446 gold pieces.
You spent 308 gold pieces at shops.


Innate Abilities, Weirdness & Mutations

Your serpentine skin is tough. (AC +4)
You have supernaturally acute eyesight. (SInv)
Armour fits poorly on your strangely shaped body.
Your system is resistant to poisons. (rPois)
You cover ground very slowly.
You can spit poison.
You can use your snake-like lower body to constrict enemies.


   Skills:
 - Level 11.0(16.0) Fighting
 - Level 16.0(21.0) Ranged Weapons
 - Level 3.0(8.0) Armour
 + Level 5.3(10.3) Dodging
 - Level 1.5(6.5) Stealth
 - Level 10.0 Invocations


You had 12 spell levels left.
You didn't know any spells.
Your spell library was empty.

Inventory:

Hand Weapons
 B - the +8 triple crossbow of Guilt (weapon) {flame, Str+3}
   (Okawaru gifted it to you on level 4 of the Lair of Beasts)

   Str:       It affects your strength (+3).
Armour
 a - a +2 hat of willpower (worn)
 e - a +2 pair of gloves (worn)
 l - the +2 ring mail of the Slightly Bent (worn) {Drain rC+ rN+ rCorr}
   (You found it on level 4 of the Dungeon)

   rC:        It protects you from cold.
   rN:        It protects you from negative energy.
   rCorr:     It protects you from acid and corrosion.
   Drain:     It drains your maximum health when unequipped.
 n - a +2 cloak (worn)
 q - a +0 troll leather armour
 r - a +1 robe of resistance
Jewellery
 b - a ring of fire
 m - the amulet "Worodoask" {Regen+ Dex+4}
   (You found it on level 5 of the Dungeon)

   [amulet of regeneration]

   Dex:       It affects your dexterity (+4).
   Regen:     It increases your rate of health regeneration.
 p - a ring of resist corrosion
 t - the ring "Pyfitic" (left hand) {*Slow rF+ rN+ Str+3}
   (You found it on level 8 of the Dungeon)

   [ring of protection from fire]

   Str:       It affects your strength (+3).
   rF:        It protects you from fire.
   rN:        It protects you from negative energy.
   *Slow:     It may slow you when you take damage.
 u - an amulet of faith (around neck)
 w - a +4 ring of protection (right hand)
 x - a ring of fire
Wands
 y - a wand of digging (3)
Scrolls
 d - 2 scrolls of teleportation
 i - 2 scrolls of brand weapon
 j - 3 scrolls of identify
 A - a scroll of enchant armour
Potions
 f - 3 potions of might
 g - 14 potions of curing
 h - 2 potions of haste
 k - a potion of mutation
 s - a potion of magic
 v - 2 potions of enlightenment
 z - 2 potions of resistance

Dungeon Overview and Level Annotations

Branches:
Dungeon (11/15)            Temple (1/1) D:5            Lair (5/5) D:11
  Swamp (0/4) Lair:2        Snake (0/4) Lair:2        Slime (0/5) Lair:4
    Orc (0/2) D:10        Ossuary (visited)

Altars:
Ashenzari
Cheibriados
Dithmenos
Elyvilon
Fedhas
Gozag
Hepliaklqana
Kikubaaqudgha
Makhleb
Nemelex Xobeh
Okawaru
Qazlal
Ru
Sif Muna
Trog
Uskayaw
Vehumet
Wu Jian
Xom
Yredelemnul
Zin
The Shining One
Jiyva

Shops:
D:6 (   D:10 !

Annotations:
D:4 3 runed translucent doors, qw's ghost, amateur GrFi
D:10 1 transporter


Message History

You resist.
The wyvern bites the fungus!
The fungus begins to die.
You hear a croak.
14072 ||| READING 3 scrolls of teleportation.
As you read the scroll of teleportation, it crumbles to dust.
You feel strangely unstable.
You feel very sick.
The black mamba bites you but does no damage.
The black mamba misses you. The wolf spider closely misses you.
The wolf spider bites you but does no damage.
The guardian serpent misses you.
The wyvern bites the fungus.
The cane toad closely misses you. The black mamba bites you!
The black mamba bites you but does no damage.
The wolf spider barely misses you. x2; The guardian serpent barely misses you.
The wyvern bites the fungus.
14073 ||| DRINKING potion of heal wounds.
You feel much better.
You feel very sick. The black mamba bites you!
The black mamba closely misses you. The cane toad closely misses you.
The wolf spider barely misses you. The wolf spider closely misses you.
The guardian serpent hits you but does no damage.
The wyvern bites the fungus!
The black mamba bites you.
The black mamba bites you but does no damage.
The cane toad stings you!
You hear an angry buzzing noise.
You hear an angry hiss. x2
You shoot a bolt. The bolt hits the wolf spider!
The bolt burns the wolf spider.
The wolf spider is lightly wounded.
You feel very sick.
The black mamba bites you but does no damage.
The wolf spider hits you but does no damage.
The wolf spider bites you but does no damage.
The black mamba bites you but does no damage.
The guardian serpent closely misses you.
The wyvern bites the fungus!
The black mamba misses you.
The wolf spider hits you but does no damage.
The wolf spider bites you but does no damage.
The black mamba closely misses you.
The black mamba bites something!
The guardian serpent casts a spell at you.
The bolt of poison hits you! You resist.
You die... .lyS

#PP# #..#
#..#
##..##
#....#
##.F..##
#.S@s..#
#.SS!$.#
#.$!)).$.#
##$####.##
....PP.###
##
.........#
#$........
.........
## ..Y....


You could see a wolf spider, a guardian serpent, 3 black mambas, a cane toad, a
hornet and a wyvern.

Vanquished Creatures
  4 hydras
  Erica (D:8)
  2 two-headed ogres
  A skyshark (Lair:4)
  Amaemon (D:8)
  2 bog bodies (Lair:2)
  Pikel (D:7)
  2 deep elf zephyrmancers (D:10)
  A manticore (D:11)
  Joseph (D:8)
  3 elephants
  An orange demon (D:8)
  A black mamba (Lair:2)
  8 cane toads
  2 rime drakes
  9 komodo dragons
  3 kobold demonologists (D:11)
  2 hornets
  3 polar bears
  3 trolls
  Prince Ribbit (D:7)
  9 blink frogs (Lair:1)
  9 wyverns
  A basilisk (D:11)
  27 yaks
  2 redbacks (Lair:5)
  2 steam dragons (D:8)
  6 vampire mosquitoes
  3 nagas (Lair:2)
  2 swamp worms (Lair:2)
  A hell hound (Lair:5)
  An acid dragon (D:10)
  10 water moccasins
  8 orc warriors
  A swamp drake (D:10)
  A sky beast (D:7)
  A black bear (D:11)
  3 ice beasts (D:6)
  2 ogres
  9 wolves
  11 centaurs
  2 lemures (D:7)
  A phantom (D:4)
  A kobold brigand (D:11)
  11 bullfrogs
  2 gnoll sergeants
  2 scorpions
  8 wights
  3 killer bees (D:9)
  A howler monkey (D:5)
  3 electric eels
  A crimson imp (D:10)
  15 jellies
  3 hounds (D:5)
  A gnoll bouda (D:8)
  4 orc priests
  An iron imp (D:10)
  A sleepcap (D:6)
  An iguana (D:4)
  6 orc wizards
  6 hell rats (Lair:2)
  A mummy (Ossuary)
  23 gnolls
  8 adders
  A shadow imp (D:10)
  2 worms (D:2)
  5 dart slugs
  46 orcs
  5 spectral bats (Ossuary)
  11 endoplasms
  4 giant cockroaches
  2 goblins (D:1)
  11 hobgoblins
  4 jackals (D:1)
  6 kobolds
  9 quokkas
  11 ball pythons
  3 bats
  2 bat simulacra (Ossuary)
  6 frilled lizards
  12 gnoll zombies (Ossuary)
  3 goblin simulacra (Ossuary)
  A goblin zombie (Ossuary)
  4 hobgoblin zombies (Ossuary)
  5 kobold simulacra (Ossuary)
  6 kobold zombies (Ossuary)
  7 orc zombies (Ossuary)
  8 rats
  7 rat simulacra (Ossuary)
  2 spectral goblins (Ossuary)
  3 spectral kobolds (Ossuary)
  4 spectral rats (Ossuary)
456 creatures vanquished.

Vanquished Creatures (others)
  A white imp (D:10)
  An orc (D:10)
2 creatures vanquished.

Grand Total: 458 creatures vanquished

Notes
Turn   | Place    | Note
-------+----------+-------------------------------------------
     0 | D:1      | qw the Naga Hunter began the quest for the Orb.
     0 | D:1      | Reached XP level 1. HP: 19/19 MP: 1/1
     0 | D:1      | 0 ||| qw: Version: 0.3-a-5-g6f28e65
     0 | D:1      | 0 ||| qw: Game counter: 608
     0 | D:1      | 0 ||| qw: Always use a shield: true
     0 | D:1      | 0 ||| qw: God list: Okawaru
     0 | D:1      | 0 ||| qw: Allow faded altars: false
     0 | D:1      | 0 ||| qw: Do Orc after D:15 true
     0 | D:1      | 0 ||| qw: Do second Lair branch before Depths: true
     0 | D:1      | 0 ||| qw: Lair rune preference: random
     0 | D:1      | 0 ||| qw: Plans: Normal
     0 | D:1      | 0 ||| PLANNING D:1-11
    12 | D:1      | 12 ||| INVOKING Spit Poison.
    17 | D:1      | 17 ||| INVOKING Spit Poison.
    19 | D:1      | HP: 3/19 [quokka (3)]
    20 | D:1      | 20 ||| INVOKING Spit Poison.
   101 | D:1      | 101 ||| INVOKING Spit Poison.
   141 | D:1      | 141 ||| FLEEEEING.
   142 | D:1      | 142 ||| FLEEEEING.
   143 | D:1      | 143 ||| FLEEEEING.
   147 | D:1      | 147 ||| FLEEEEING.
   148 | D:1      | 148 ||| FLEEEEING.
   150 | D:1      | 150 ||| FLEEEEING.
   162 | D:1      | 162 ||| FLEEEEING.
   165 | D:1      | 165 ||| INVOKING Spit Poison.
   166 | D:1      | Reached skill level 4 in Ranged Weapons
   166 | D:1      | Reached XP level 2. HP: 25/26 MP: 2/2
   171 | D:1      | 171 ||| INVOKING Spit Poison.
   216 | D:1      | 216 ||| INVOKING Spit Poison.
   233 | D:1      | 233 ||| INVOKING Spit Poison.
   257 | D:1      | 257 ||| INVOKING Spit Poison.
   299 | D:1      | 299 ||| INVOKING Spit Poison.
   305 | D:1      | 305 ||| INVOKING Spit Poison.
   314 | D:1      | 314 ||| INVOKING Spit Poison.
   320 | D:1      | Reached XP level 3. HP: 32/32 MP: 3/3
   349 | D:1      | 349 ||| INVOKING Spit Poison.
   414 | D:1      | 414 ||| INVOKING Spit Poison.
   426 | D:1      | 426 ||| INVOKING Spit Poison.
   429 | D:1      | 429 ||| INVOKING Spit Poison.
   478 | D:1      | 478 ||| INVOKING Spit Poison.
   497 | D:1      | 497 ||| INVOKING Spit Poison.
   568 | D:1      | 568 ||| INVOKING Spit Poison.
   582 | D:1      | 582 ||| INVOKING Spit Poison.
   588 | D:1      | 588 ||| INVOKING Spit Poison.
   659 | D:1      | 659 ||| INVOKING Spit Poison.
   717 | D:1      | 717 ||| INVOKING Spit Poison.
   723 | D:1      | 723 ||| INVOKING Spit Poison.
   730 | D:1      | 730 ||| INVOKING Spit Poison.
   731 | D:1      | 731 ||| INVOKING Spit Poison.
   769 | D:1      | 769 ||| READING scroll labelled KAMYGR CUYLASCH.
   770 | D:1      | 770 ||| READING scroll labelled DEL PUYSUSCHUEDIA.
   771 | D:1      | 771 ||| READING 3 scrolls labelled MUROVAHECA.
   771 | D:1      | Identified 3 scrolls of acquirement
   771 | D:1      | 771 ||| ACQUIRING +1 hat of willpower
   771 | D:1      | Acquired a +1 hat of willpower
   773 | D:1      | 773 ||| UPGRADING to +1 hat of willpower.
   778 | D:1      | 778 ||| READING 2 scrolls of acquirement.
   778 | D:1      | 778 ||| ACQUIRING +0 longbow of flaming
   778 | D:1      | Acquired a +0 longbow of flaming
   780 | D:1      | 780 ||| SWAPPING to +0 longbow of flaming.
   781 | D:1      | 781 ||| DROPPING +0 shortbow.
   782 | D:1      | 782 ||| READING scroll of acquirement.
   782 | D:1      | 782 ||| ACQUIRING 551 gold pieces
   782 | D:1      | Acquired 551 gold pieces
   784 | D:1      | 784 ||| DROPPING scroll of butterflies.
   802 | D:2      | 802 ||| INVOKING Spit Poison.
   805 | D:2      | 805 ||| INVOKING Spit Poison.
   881 | D:2      | 881 ||| INVOKING Spit Poison.
   974 | D:2      | 974 ||| INVOKING Spit Poison.
   979 | D:2      | 979 ||| INVOKING Spit Poison.
  1118 | D:2      | 1118 ||| INVOKING Spit Poison.
  1119 | D:2      | 1119 ||| Stepping ~*~*~tactically~*~*~ (outnumbered).
  1121 | D:2      | 1121 ||| Stepping ~*~*~tactically~*~*~ (outnumbered).
  1123 | D:2      | 1123 ||| Stepping ~*~*~tactically~*~*~ (outnumbered).
  1124 | D:2      | 1124 ||| INVOKING Spit Poison.
  1126 | D:2      | Reached skill level 5 in Ranged Weapons
  1126 | D:2      | Reached XP level 4. HP: 37/39 MP: 4/4
  1128 | D:2      | 1128 ||| INVOKING Spit Poison.
  1133 | D:2      | 1133 ||| INVOKING Spit Poison.
  1137 | D:2      | 1137 ||| INVOKING Spit Poison.
  1189 | D:2      | 1189 ||| INVOKING Spit Poison.
  1329 | D:2      | 1329 ||| INVOKING Spit Poison.
  1332 | D:2      | 1332 ||| INVOKING Spit Poison.
  1394 | D:2      | 1394 ||| INVOKING Spit Poison.
  1411 | D:2      | 1411 ||| INVOKING Spit Poison.
  1450 | D:2      | 1450 ||| INVOKING Spit Poison.
  1451 | D:2      | Reached skill level 3 in Fighting
  1495 | D:2      | 1495 ||| INVOKING Spit Poison.
  1496 | D:2      | 1496 ||| INVOKING Spit Poison.
  1541 | D:2      | 1541 ||| INVOKING Spit Poison.
  1544 | D:2      | Reached XP level 5. HP: 49/49 MP: 5/5
  1566 | D:2      | 1566 ||| INVOKING Spit Poison.
  1707 | D:2      | 1707 ||| INVOKING Spit Poison.
  1818 | D:2      | 1818 ||| READING scroll labelled COXI JO YRASMO.
  1819 | D:2      | 1819 ||| READING 2 scrolls labelled ZASTAP IHEUF.
  1820 | D:2      | 1820 ||| DRINKING 3 brown potions.
  1821 | D:2      | 1821 ||| READING 2 scrolls of identify.
  1821 | D:2      | 1821 ||| IDENTIFYING murky sapphire potion
  1822 | D:2      | 1822 ||| DROPPING potion of lignification.
  1823 | D:2      | 1823 ||| DROPPING scroll of noise.
  1922 | D:3      | 1922 ||| INVOKING Spit Poison.
  1950 | D:3      | 1950 ||| INVOKING Spit Poison.
  1957 | D:3      | 1957 ||| INVOKING Spit Poison.
  1972 | D:3      | 1972 ||| INVOKING Spit Poison.
  1981 | D:3      | 1981 ||| INVOKING Spit Poison.
  1987 | D:3      | 1987 ||| INVOKING Spit Poison.
  2002 | D:3      | 2002 ||| INVOKING Spit Poison.
  2057 | D:3      | 2057 ||| INVOKING Spit Poison.
  2061 | D:3      | 2061 ||| INVOKING Spit Poison.
  2095 | D:3      | 2095 ||| INVOKING Spit Poison.
  2115 | D:3      | 2115 ||| Stepping ~*~*~tactically~*~*~ (outnumbered).
  2117 | D:3      | 2117 ||| Stepping ~*~*~tactically~*~*~ (outnumbered).
  2118 | D:3      | 2118 ||| INVOKING Spit Poison.
  2119 | D:3      | 2119 ||| INVOKING Spit Poison.
  2129 | D:3      | 2129 ||| INVOKING Spit Poison.
  2135 | D:3      | 2135 ||| INVOKING Spit Poison.
  2139 | D:3      | 2139 ||| INVOKING Spit Poison.
  2140 | D:3      | Reached skill level 6 in Ranged Weapons
  2140 | D:3      | Reached XP level 6. HP: 45/56 MP: 6/6
  2466 | D:3      | 2466 ||| READING scroll labelled QELIUTIASI.
  2467 | D:3      | 2467 ||| READING scroll labelled CUUTZI FEITAFO.
  2468 | D:3      | 2468 ||| READING scroll labelled HISHRE PUREENI.
  2564 | D:4      | 2564 ||| INVOKING Spit Poison.
  2571 | D:4      | 2571 ||| INVOKING Spit Poison.
  2644 | D:4      | 2644 ||| INVOKING Spit Poison.
  2694 | D:4      | Found a hide-covered altar of Uskayaw.
  2715 | D:4      | Found a radiant altar of Vehumet.
  2716 | D:4      | Found a glowing golden altar of the Shining One.
  2889 | D:4      | Identified the +2 ring mail of the Slightly Bent {Drain rC+
                  | rN+ rCorr}
  2978 | D:4      | Found a runed translucent gate.
  2979 | D:4      | Found a runed translucent gate.
  2980 | D:4      | Found a runed translucent gate.
  2982 | D:4      | Found an opulent altar of Gozag.
  2984 | D:4      | Noticed qw's ghost (amateur GrFi)
  2984 | D:4      | Noticed a steam dragon
  2988 | D:4      | 2988 ||| UPGRADING to +0 pair of gloves.
  2993 | D:4      | 2993 ||| UPGRADING to +2 ring mail of the Slightly Bent
                  | {Drain rC+ rN+ rCorr}.
  3003 | D:4      | 3003 ||| DROPPING +0 leather armour.
  3004 | D:4      | 3004 ||| READING scroll labelled AGIUSI SAUFITZ.
  3005 | D:4      | 3005 ||| READING 3 scrolls of identify.
  3005 | D:4      | 3005 ||| IDENTIFYING murky clear potion
  3006 | D:4      | 3006 ||| READING 2 scrolls of identify.
  3006 | D:4      | 3006 ||| IDENTIFYING white potion
  3007 | D:4      | 3007 ||| DROPPING potion of brilliance.
  3035 | D:5      | Entered Level 5 of the Dungeon
  3036 | D:5      | 3036 ||| INVOKING Spit Poison.
  3039 | D:5      | 3039 ||| STAIRDANCE
  3041 | D:4      | 3041 ||| INVOKING Spit Poison.
  3044 | D:4      | 3044 ||| INVOKING Spit Poison.
  3371 | D:5      | 3371 ||| INVOKING Spit Poison.
  3375 | D:5      | Reached skill level 1 in Armour
  3434 | D:5      | Found a staircase to the Ecumenical Temple.
  3435 | D:5      | 3435 ||| PLANNING TEMPLE
  3435 | D:5      | 3435 ||| READING scroll labelled MEAGGO IMEDONK.
  3449 | Temple   | Entered the Ecumenical Temple
  3451 | Temple   | 3451 ||| PLANNING OKAWARU WORSHIP
  3468 | Temple   | Became a worshipper of Warmaster Okawaru
  3469 | Temple   | 3469 ||| PLANNING D:1-11
  3496 | D:5      | Found a shadowy altar of Dithmenos.
  3577 | D:5      | Found a shimmering altar of Xom.
  3588 | D:5      | 3588 ||| READING scroll of enchant weapon.
  3588 | D:5      | 3588 ||| ENCHANTING +1 longbow of flaming.
  3590 | D:5      | 3590 ||| INVOKING Spit Poison.
  3593 | D:5      | Reached XP level 7. HP: 64/64 MP: 7/7
  3721 | D:5      | 3721 ||| INVOKING Spit Poison.
  3724 | D:5      | 3724 ||| INVOKING Spit Poison.
  3752 | D:5      | Found a snail-covered altar of Cheibriados.
  3884 | D:5      | 3884 ||| INVOKING Spit Poison.
  3887 | D:5      | 3887 ||| INVOKING Spit Poison.
  3940 | D:5      | Identified the amulet "Worodoask" {Regen+ Dex+4}
  3944 | D:5      | 3944 ||| INVOKING Spit Poison.
  4014 | D:5      | 4014 ||| INVOKING Spit Poison.
  4016 | D:5      | Reached skill level 7 in Ranged Weapons
  4025 | D:5      | 4025 ||| INVOKING Spit Poison.
  4030 | D:5      | 4030 ||| UPGRADING to amulet "Worodoask" {Regen+ Dex+4}.
  4035 | D:5      | 4035 ||| DRINKING 2 clear potions.
  4048 | D:6      | 4048 ||| PLANNING OSSUARY
  4057 | D:6      | Identified the staff of Greed {rF+ MP+9 Fire}
  4101 | D:6      | Found a sand-covered staircase.
  4105 | Ossuary  | Entered an ossuary
  4265 | Ossuary  | 4265 ||| READING scroll of enchant weapon.
  4265 | Ossuary  | 4265 ||| ENCHANTING +2 longbow of flaming.
  4276 | Ossuary  | 4276 ||| READING scroll of enchant armour.
  4276 | Ossuary  | 4276 ||| ENCHANTING +0 pair of gloves.
  4409 | Ossuary  | 4409 ||| READING 5 scrolls of identify.
  4409 | Ossuary  | 4409 ||| IDENTIFYING dark potion
  4410 | Ossuary  | 4410 ||| READING 4 scrolls of identify.
  4410 | Ossuary  | 4410 ||| IDENTIFYING lumpy coppery potion
  4411 | Ossuary  | 4411 ||| READING 3 scrolls of identify.
  4411 | Ossuary  | 4411 ||| IDENTIFYING metallic coppery potion
  4412 | Ossuary  | 4412 ||| DROPPING potion of degeneration.
  4413 | Ossuary  | 4413 ||| DROPPING potion of invisibility.
  4438 | D:6      | 4438 ||| PLANNING D:1-11
  4447 | D:6      | Found an ancient bone altar of Kikubaaqudgha.
  4454 | D:6      | 4454 ||| INVOKING Spit Poison.
  4505 | D:6      | 4505 ||| INVOKING Spit Poison.
  4510 | D:6      | 4510 ||| INVOKING Spit Poison.
  4511 | D:6      | Reached * piety under Okawaru
  4599 | D:6      | Reached skill level 1 in Invocations
  4599 | D:6      | Reached XP level 8. HP: 72/72 MP: 7/9
  4695 | D:6      | 4695 ||| INVOKING Heroism.
  4753 | D:6      | Reached skill level 8 in Ranged Weapons
  4770 | D:6      | 4770 ||| Stepping ~*~*~tactically~*~*~ (outnumbered).
  4771 | D:6      | 4771 ||| INVOKING Spit Poison.
  4772 | D:6      | 4772 ||| Stepping ~*~*~tactically~*~*~ (outnumbered).
  4775 | D:6      | 4775 ||| INVOKING Spit Poison.
  4777 | D:6      | 4777 ||| Stepping ~*~*~tactically~*~*~ (outnumbered).
  4779 | D:6      | 4779 ||| INVOKING Spit Poison.
  4796 | D:6      | 4796 ||| INVOKING Heroism.
  4801 | D:6      | 4801 ||| INVOKING Spit Poison.
  4812 | D:6      | 4812 ||| INVOKING Spit Poison.
  4896 | D:6      | 4896 ||| INVOKING Spit Poison.
  4899 | D:6      | 4899 ||| INVOKING Spit Poison.
  4936 | D:6      | 4936 ||| READING scroll of enchant armour.
  4936 | D:6      | 4936 ||| ENCHANTING +1 pair of gloves.
  5008 | D:6      | Reached skill level 3 in Invocations
  5020 | D:6      | 5020 ||| INVOKING Spit Poison.
  5174 | D:6      | Found Otuic's Weapon Shoppe.
  5312 | D:6      | 5312 ||| UPGRADING to +0 cloak.
  5317 | D:6      | 5317 ||| DROPPING amulet of guardian spirit.
  5318 | D:6      | 5318 ||| READING 2 scrolls labelled AKHLAOTYLAE.
  5363 | D:7      | 5363 ||| INVOKING Spit Poison.
  5364 | D:7      | Noticed Prince Ribbit
  5365 | D:7      | 5365 ||| INVOKING Heroism.
  5370 | D:7      | 5370 ||| INVOKING Spit Poison.
  5373 | D:7      | 5373 ||| INVOKING Spit Poison.
  5378 | D:7      | 5378 ||| INVOKING Spit Poison.
  5379 | D:7      | 5379 ||| INVOKING Heroism.
  5384 | D:7      | 5384 ||| INVOKING Spit Poison.
  5385 | D:7      | Killed Prince Ribbit
  5386 | D:7      | Reached skill level 9 in Ranged Weapons
  5407 | D:7      | Reached XP level 9. HP: 81/81 MP: 11/11
  5445 | D:7      | 5445 ||| FLEEEEING.
  5446 | D:7      | 5446 ||| FLEEEEING.
  5527 | D:7      | Found a burning altar of Makhleb.
  5590 | D:7      | Noticed Pikel
  5591 | D:7      | 5591 ||| INVOKING Heroism.
  5592 | D:7      | 5592 ||| INVOKING Spit Poison.
  5595 | D:7      | Killed Pikel
  5595 | D:7      | Reached ** piety under Okawaru
  5613 | D:7      | 5613 ||| FLEEEEING.
  5625 | D:7      | Reached skill level 6 in Fighting
  5626 | D:7      | 5626 ||| FLEEEEING.
  5665 | D:7      | 5665 ||| INVOKING Spit Poison.
  5679 | D:7      | You fall into a shaft and drop 2 floors!
  5686 | D:9      | 5686 ||| INVOKING Spit Poison.
  5696 | D:9      | Reached *** piety under Okawaru
  5697 | D:9      | Reached skill level 10 in Ranged Weapons
  5741 | D:9      | 5741 ||| READING 2 scrolls labelled MUANNE GECILUF.
  5742 | D:9      | 5742 ||| READING scroll labelled OSINNASHRIUHE.
  5743 | D:9      | 5743 ||| DROPPING scroll of fog.
  5754 | D:8      | 5754 ||| INVOKING Spit Poison.
  5757 | D:8      | Reached XP level 10. HP: 86/92 MP: 13/13
  5763 | D:8      | Noticed an orange demon
  5764 | D:8      | 5764 ||| INVOKING Spit Poison.
  5764 | D:8      | Noticed Amaemon
  5765 | D:8      | 5765 ||| INVOKING Heroism.
  5766 | D:8      | Killed an orange demon
  5767 | D:8      | 5767 ||| INVOKING Spit Poison.
  5770 | D:8      | 5770 ||| INVOKING Spit Poison.
  5775 | D:8      | 5775 ||| INVOKING Spit Poison.
  5776 | D:8      | Killed Amaemon
  5789 | D:7      | 5789 ||| INVOKING Spit Poison.
  5811 | D:7      | Found a basalt altar of Yredelemnul.
  6318 | D:8      | Noticed Joseph
  6323 | D:8      | 6323 ||| INVOKING Spit Poison.
  6325 | D:8      | 6325 ||| INVOKING Heroism.
  6330 | D:8      | 6330 ||| INVOKING Spit Poison.
  6331 | D:8      | Killed Joseph
  6333 | D:8      | Reached skill level 11 in Ranged Weapons
  6335 | D:8      | 6335 ||| INVOKING Spit Poison.
  6338 | D:8      | 6338 ||| INVOKING Heroism.
  6407 | D:8      | 6407 ||| INVOKING Spit Poison.
  6527 | D:8      | 6527 ||| INVOKING Heroism.
  6530 | D:8      | 6530 ||| INVOKING Spit Poison.
  6553 | D:8      | 6553 ||| INVOKING Spit Poison.
  6557 | D:8      | 6557 ||| INVOKING Spit Poison.
  6657 | D:8      | Found a sacrificial altar of Ru.
  6695 | D:8      | Noticed Erica
  6696 | D:8      | 6696 ||| INVOKING Heroism.
  6698 | D:8      | 6698 ||| Stepping ~*~*~tactically~*~*~ (outnumbered).
  6701 | D:8      | 6701 ||| INVOKING Spit Poison.
  6704 | D:8      | 6704 ||| INVOKING Spit Poison.
  6707 | D:8      | 6707 ||| INVOKING Spit Poison.
  6708 | D:8      | Killed Erica
  6708 | D:8      | Reached **** piety under Okawaru
  6709 | D:8      | 6709 ||| INVOKING Heroism.
  6713 | D:8      | 6713 ||| INVOKING Spit Poison.
  6716 | D:8      | 6716 ||| INVOKING Spit Poison.
  6829 | D:8      | 6829 ||| INVOKING Heroism.
  6852 | D:8      | Found a hazy altar of Hepliaklqana.
  6863 | D:8      | 6863 ||| READING 2 scrolls of identify.
  6863 | D:8      | 6863 ||| IDENTIFYING red potion
  6864 | D:8      | 6864 ||| INVOKING Spit Poison.
  6883 | D:8      | 6883 ||| READING scroll of enchant weapon.
  6883 | D:8      | 6883 ||| ENCHANTING +3 heavy longbow.
  6901 | D:8      | Identified the ring "Pyfitic" {*Slow rF+ rN+ Str+3}
  6916 | D:8      | 6916 ||| INVOKING Spit Poison.
  6919 | D:8      | Received a gift from Okawaru
  6921 | D:8      | 6921 ||| INVOKING Spit Poison.
  7070 | D:8      | 7070 ||| UPGRADING to ring "Pyfitic" {*Slow rF+ rN+ Str+3}.
  7071 | D:8      | 7071 ||| READING scroll labelled DOMAKOZAFI.
  7072 | D:8      | 7072 ||| DROPPING potion of attraction.
  7126 | D:9      | 7126 ||| INVOKING Heroism.
  7127 | D:9      | 7127 ||| INVOKING Spit Poison.
  7132 | D:9      | 7132 ||| INVOKING Spit Poison.
  7137 | D:9      | 7137 ||| INVOKING Spit Poison.
  7138 | D:9      | HP: 19/96 [orc warrior/+0 trident (12)]
  7139 | D:9      | 7139 ||| READING 7 scrolls of teleportation.
  7140 | D:9      | 7140 ||| DRINKING 2 potions of heal wounds.
  7142 | D:9      | 7142 ||| INVOKING Spit Poison.
  7144 | D:9      | 7144 ||| INVOKING Heroism.
  7148 | D:9      | 7148 ||| INVOKING Spit Poison.
  7150 | D:9      | HP: 20/96 [orc warrior/+0 halberd (8)]
  7151 | D:9      | 7151 ||| READING 6 scrolls of teleportation.
  7151 | D:9      | HP: 9/96 [orc warrior/+0 halberd (12)]
  7152 | D:9      | 7152 ||| DRINKING potion of heal wounds.
  7161 | D:9      | Reached skill level 12 in Ranged Weapons
  7161 | D:9      | Reached XP level 11. HP: 45/103 MP: 14/14
  7179 | D:9      | 7179 ||| INVOKING Heroism.
  7180 | D:9      | 7180 ||| INVOKING Spit Poison.
  7206 | D:9      | 7206 ||| INVOKING Heroism.
  7208 | D:9      | 7208 ||| INVOKING Spit Poison.
  7231 | D:9      | 7231 ||| INVOKING Spit Poison.
  7243 | D:9      | 7243 ||| INVOKING Spit Poison.
  7244 | D:9      | 7244 ||| Stepping ~*~*~tactically~*~*~ (outnumbered).
  7246 | D:9      | 7246 ||| INVOKING Spit Poison.
  7254 | D:9      | 7254 ||| INVOKING Spit Poison.
  7256 | D:9      | 7256 ||| INVOKING Heroism.
  7274 | D:9      | 7274 ||| INVOKING Spit Poison.
  7293 | D:9      | 7293 ||| INVOKING Spit Poison.
  7305 | D:9      | 7305 ||| INVOKING Spit Poison.
  7321 | D:9      | 7321 ||| INVOKING Heroism.
  7322 | D:9      | 7322 ||| INVOKING Spit Poison.
  7354 | D:9      | 7354 ||| INVOKING Spit Poison.
  7376 | D:9      | Noticed a two-headed ogre
  7377 | D:9      | 7377 ||| INVOKING Heroism.
  7378 | D:9      | 7378 ||| INVOKING Spit Poison.
  7382 | D:9      | 7382 ||| INVOKING Spit Poison.
  7382 | D:9      | Killed a two-headed ogre
  7407 | D:9      | 7407 ||| INVOKING Heroism.
  7409 | D:9      | 7409 ||| INVOKING Spit Poison.
  7583 | D:9      | Found a blossoming altar of Fedhas.
  7592 | D:9      | Found a bloodstained altar of Trog.
  7617 | D:9      | 7617 ||| INVOKING Heroism.
  7619 | D:9      | 7619 ||| INVOKING Spit Poison.
  7673 | D:9      | 7673 ||| INVOKING Spit Poison.
  7688 | D:9      | 7688 ||| INVOKING Spit Poison.
  7696 | D:9      | 7696 ||| DROPPING +3 leather armour.
  7697 | D:9      | 7697 ||| UPGRADING to amulet of faith.
  7707 | D:9      | 7707 ||| READING 2 scrolls of identify.
  7707 | D:9      | 7707 ||| IDENTIFYING sapphire potion
  7746 | D:10     | Entered Level 10 of the Dungeon
  7750 | D:10     | 7750 ||| INVOKING Spit Poison.
  7752 | D:10     | Reached skill level 13 in Ranged Weapons
  7753 | D:10     | 7753 ||| INVOKING Spit Poison.
  7757 | D:10     | 7757 ||| INVOKING Heroism.
  7758 | D:10     | 7758 ||| INVOKING Spit Poison.
  8103 | D:10     | 8103 ||| INVOKING Spit Poison.
  8108 | D:10     | 8108 ||| INVOKING Spit Poison.
  8111 | D:10     | 8111 ||| INVOKING Spit Poison.
  8120 | D:10     | 8120 ||| INVOKING Spit Poison.
  8125 | D:10     | 8125 ||| INVOKING Spit Poison.
  8128 | D:10     | 8128 ||| INVOKING Spit Poison.
  8178 | D:10     | Noticed a deep elf zephyrmancer
  8179 | D:10     | 8179 ||| INVOKING Spit Poison.
  8182 | D:10     | 8182 ||| INVOKING Spit Poison.
  8183 | D:10     | Killed a deep elf zephyrmancer
  8184 | D:10     | Reached skill level 9 in Fighting
  8216 | D:10     | Noticed a deep elf zephyrmancer
  8217 | D:10     | 8217 ||| INVOKING Spit Poison.
  8220 | D:10     | 8220 ||| INVOKING Spit Poison.
  8222 | D:10     | Killed a deep elf zephyrmancer
  8292 | D:10     | 8292 ||| INVOKING Spit Poison.
  8298 | D:10     | 8298 ||| INVOKING Spit Poison.
  8346 | D:10     | 8346 ||| INVOKING Spit Poison.
  8348 | D:10     | Reached skill level 6 in Invocations
  8388 | D:10     | Found a shimmering blue altar of Sif Muna.
  8458 | D:10     | Found a broken altar of Ashenzari.
  8460 | D:10     | 8460 ||| DROPPING +0 helmet.
  8461 | D:10     | 8461 ||| DROPPING +1 hat.
  8462 | D:10     | 8462 ||| DROPPING +1 hat.
  8466 | D:10     | 8466 ||| INVOKING Spit Poison.
  8510 | D:10     | 8510 ||| INVOKING Heroism.
  8511 | D:10     | 8511 ||| INVOKING Spit Poison.
  8514 | D:10     | Found Avix's Distillery.
  8517 | D:10     | Reached skill level 3 in Armour
  8517 | D:10     | 8517 ||| INVOKING Spit Poison.
  8522 | D:10     | 8522 ||| Stepping ~*~*~tactically~*~*~ (outnumbered).
  8523 | D:10     | 8523 ||| INVOKING Spit Poison.
  8526 | D:10     | 8526 ||| INVOKING Spit Poison.
  8529 | D:10     | 8529 ||| INVOKING Heroism.
  8532 | D:10     | 8532 ||| INVOKING Spit Poison.
  8537 | D:10     | 8537 ||| INVOKING Spit Poison.
  8538 | D:10     | Reached ***** piety under Okawaru
  8540 | D:10     | 8540 ||| INVOKING Spit Poison.
  8543 | D:10     | 8543 ||| INVOKING Spit Poison.
  8545 | D:10     | HP: 26/106 [orc/+0 club (4)]
  8546 | D:10     | 8546 ||| READING 5 scrolls of teleportation.
  8548 | D:10     | 8548 ||| INVOKING Spit Poison.
  8799 | D:10     | 8799 ||| BUYING 2 potions of curing (84 gold).
  8799 | D:10     | Bought 2 potions of curing for 84 gold pieces
  8799 | D:10     | 8799 ||| BUYING potion of curing (42 gold).
  8799 | D:10     | Bought a potion of curing for 42 gold pieces
  8799 | D:10     | 8799 ||| BUYING potion of curing (42 gold).
  8799 | D:10     | Bought a potion of curing for 42 gold pieces
  8799 | D:10     | 8799 ||| BUYING potion of heal wounds (70 gold).
  8799 | D:10     | Bought a potion of heal wounds for 70 gold pieces
  8799 | D:10     | 8799 ||| BUYING potion of heal wounds (70 gold).
  8799 | D:10     | Bought a potion of heal wounds for 70 gold pieces
  8879 | D:10     | 8879 ||| INVOKING Spit Poison.
  8935 | D:10     | Found a staircase to the Orcish Mines.
  8964 | D:10     | Found a sparkling altar of Nemelex Xobeh.
  8964 | D:10     | Found a transporter.
  8964 | D:10     | Noticed a six-headed hydra
  8966 | D:10     | Noticed a wolf spider
  9048 | D:11     | 9048 ||| INVOKING Spit Poison.
  9051 | D:11     | 9051 ||| INVOKING Spit Poison.
  9055 | D:11     | 9055 ||| INVOKING Spit Poison.
  9058 | D:11     | 9058 ||| INVOKING Heroism.
  9061 | D:11     | 9061 ||| INVOKING Spit Poison.
  9188 | D:11     | Found a staircase to the Lair.
  9215 | D:11     | Noticed a two-headed ogre
  9216 | D:11     | 9216 ||| INVOKING Heroism.
  9217 | D:11     | 9217 ||| INVOKING Spit Poison.
  9220 | D:11     | Killed a two-headed ogre
  9221 | D:11     | Reached XP level 12. HP: 76/114 MP: 14/17
  9358 | D:11     | 9358 ||| INVOKING Heroism.
  9995 | D:11     | 9995 ||| UPGRADING to +4 ring of protection.
  9996 | D:11     | 9996 ||| PLANNING LAIR
  9996 | D:11     | 9996 ||| DRINKING 2 grey potions.
 10047 | Lair:1   | Entered Level 1 of the Lair of Beasts
 10174 | Lair:1   | 10174 ||| INVOKING Heroism.
 10178 | Lair:1   | Received a gift from Okawaru
 10259 | Lair:1   | 10259 ||| INVOKING Heroism.
 10265 | Lair:1   | Reached skill level 14 in Ranged Weapons
 10265 | Lair:1   | Reached skill level 9 in Invocations
 10290 | Lair:1   | 10290 ||| INVOKING Heroism.
 10569 | Lair:1   | 10569 ||| INVOKING Heroism.
 10918 | Lair:1   | 10918 ||| READING scroll labelled BAATEUPNEB.
 10919 | Lair:1   | 10919 ||| READING 2 scrolls of identify.
 10919 | Lair:1   | 10919 ||| IDENTIFYING lumpy golden potion
 10931 | Lair:2   | 10931 ||| PLANNING GAUNTLET
 10983 | Lair:2   | Noticed an eight-headed hydra
 10984 | Lair:2   | 10984 ||| INVOKING Heroism.
 10987 | Lair:2   | 10987 ||| Stepping ~*~*~tactically~*~*~ (outnumbered).
 10992 | Lair:2   | Killed an eight-headed hydra
 11006 | Lair:2   | HP: 29/116 [poisoned by a naga (splash of poison)]
 11239 | Lair:2   | Found a staircase to the Snake Pit.
 11323 | Lair:2   | 11323 ||| RIP GAUNTLET
 11357 | Lair:2   | 11357 ||| PLANNING LAIR
 11458 | Lair:2   | Noticed a five-headed hydra
 11459 | Lair:2   | 11459 ||| INVOKING Heroism.
 11462 | Lair:2   | Killed a five-headed hydra
 11506 | Lair:2   | 11506 ||| INVOKING Heroism.
 11591 | Lair:2   | 11591 ||| READING scroll of enchant armour.
 11591 | Lair:2   | 11591 ||| ENCHANTING +1 hat of willpower.
 11608 | Lair:2   | 11608 ||| READING 3 scrolls of enchant armour.
 11608 | Lair:2   | 11608 ||| ENCHANTING +0 cloak.
 11609 | Lair:2   | 11609 ||| READING 2 scrolls of enchant armour.
 11609 | Lair:2   | 11609 ||| ENCHANTING +1 cloak.
 11620 | Lair:2   | You fall into a shaft and drop 1 floor!
 11625 | Lair:3   | Gained mutation: You can use your snake-like lower body to
                  | constrict enemies. [Naga growth]
 11625 | Lair:3   | Reached XP level 13. HP: 106/123 MP: 20/20
 11633 | Lair:3   | 11633 ||| INVOKING Heroism.
 11700 | Lair:3   | 11700 ||| INVOKING Heroism.
 11778 | Lair:3   | 11778 ||| DROPPING +2 hat.
 11779 | Lair:3   | 11779 ||| READING 2 scrolls of identify.
 11779 | Lair:3   | 11779 ||| IDENTIFYING silvery potion
 11874 | Lair:2   | 11874 ||| INVOKING Heroism.
 11927 | Lair:2   | Reached skill level 15 in Ranged Weapons
 11929 | Lair:2   | 11929 ||| INVOKING Heroism.
 11956 | Lair:2   | Found a staircase to the Swamp.
 12013 | Lair:2   | 12013 ||| INVOKING Heroism.
 12336 | Lair:3   | Found a hide-covered altar of Uskayaw.
 12936 | Lair:4   | 12936 ||| INVOKING Heroism.
 13062 | Lair:4   | Found a viscous altar of Jiyva.
 13063 | Lair:4   | Found a staircase to the Slime Pits.
 13145 | Lair:4   | 13145 ||| INVOKING Heroism.
 13163 | Lair:4   | Reached skill level 16 in Ranged Weapons
 13271 | Lair:4   | 13271 ||| INVOKING Heroism.
 13447 | Lair:4   | Identified the +8 triple crossbow of Guilt {flame, Str+3}
                  | (Okawaru gifted it to you on level 4 of the Lair of Beasts)
 13447 | Lair:4   | Received a gift from Okawaru
 13450 | Lair:4   | 13450 ||| SWAPPING to +8 triple crossbow of Guilt {flame,
                  | Str+3}.
 13451 | Lair:4   | 13451 ||| DROPPING +4 heavy longbow.
 14053 | Lair:5   | Entered Level 5 of the Lair of Beasts
 14055 | Lair:5   | 14055 ||| INVOKING Heroism.
 14063 | Lair:5   | HP: 29/127 [eight-headed hydra (6)]
 14064 | Lair:5   | 14064 ||| READING 5 scrolls of teleportation.
 14064 | Lair:5   | HP: 12/127 [eight-headed hydra (5)]
 14064 | Lair:5   | HP: 5/127 [skyshark (2)]
 14065 | Lair:5   | 14065 ||| DRINKING 4 potions of heal wounds.
 14066 | Lair:5   | 14066 ||| DRINKING 3 potions of heal wounds.
 14067 | Lair:5   | 14067 ||| READING 4 scrolls of teleportation.
 14068 | Lair:5   | 14068 ||| DRINKING 2 potions of heal wounds.
 14071 | Lair:5   | HP: 29/127 [guardian serpent (11)]
 14072 | Lair:5   | 14072 ||| READING 3 scrolls of teleportation.
 14072 | Lair:5   | HP: 6/127 [black mamba (11)]
 14073 | Lair:5   | 14073 ||| DRINKING potion of heal wounds.
 14074 | Lair:5   | Killed from afar by a guardian serpent

Levels and vault maps discovered:
D:1:      scummos_arrival_checkerplants, layout_basic
D:2:      layout_loops_corners
D:3:      layout_loops_ring
D:4:      layout_basic, gammafunk_temple_overflow_pools, general_overflow_altar,
          ebering_ghost_gozag
D:5:      layout_loops_corners, mainiacjoe_overflow_alcove_1, lemuel_tele_altar,
          kennysheep_mini_moat, minmay_temple_entry_water_ring
D:6:      layout_loops_corners, kiku_gazebo_garden_becter, serial_shops,
          shop_fountains, enter_ossuary_5, minmay_misc_feat_hallway,
          minmay_diced_spiral
D:7:      layout_loops_ring, mainiacjoe_overflow_tiny_flanked,
          mainiacjoe_overflow_brackets, centaur_isle, uniq_pikel,
          uniq_prince_ribbit1
D:8:      layout_basic, nicolae_ru_the_path_less_chosen,
          nicolae_hepliaklqana_hazy_memory, uniq_joseph, uniq_erica,
          uniq_amaemon
D:9:      layout_roguey [special_room_orc], mainiacjoe_overflow_swirl
D:10:     layout_small_grid, nicolae_ashenzari_skybound,
          grunt_nemelex_the_gamble, mainiacjoe_overflow_surrounded_room,
          david_orc_2, serial_shops, nicolae_shop_tiny_real_fake_doors,
          hangedman_minor_magic
D:11:     layout_basic, david_lair_generic
Temple:   hellmonk_temple_rainy
Lair:1:   layout_concentric_octagons, lemuel_fruit_tree, grunt_megastairs_5
Lair:2:   layout_concentric_octagons, nicolae_swamp_entry_splash_gauntlet,
          minmay_snake_entry_guardpost_small, gauntlet_entry_generic,
          serial_bayou_shore_a
Lair:3:   layout_long_grid, basic_altar, gammafunk_lair_bear_cave
Lair:4:   layout_cave_pods, minmay_slime_entry_jelly_boxes,
          chequers_serial_rivers_small_b, beast_lair_carwin_3
Lair:5:   hangedman_lair_tendril_chambers, layout_loops_ring,
          hangedman_lair_caniforms_friends, gammafunk_ghost_hive, dpeg_oklob_1,
          uniq_kirke

Skill      XL: |  1  2  3  4  5  6  7  8  9 10 11 12 13 |
---------------+----------------------------------------+-----
Ranged Weapons | 4 5 6 7 9 10 12 13 14 16 | 16.0
Fighting       | 3 4 5 6 8 9 10 11 | 11.0
Armour         | 1 2 3 |  3.0
Dodging        | 2 4 5 |  5.3
Invocations    | 1 3 4 7 10 | 10.0
Stealth        | |  1.5

Action                     |  1- 3 |  4- 6 |  7- 9 | 10-12 | 13-15 || total
---------------------------+-------+-------+-------+-------+-------++-------
   Fire: Shortbow          |    65 |       |       |       |       ||    65
         Longbow           |    11 |    95 |   193 |   380 |   154 ||   833
         Triple crossbow   |       |       |       |       |    31 ||    31
 Invoke: Heroism           |       |       |     5 |    29 |     9 ||    43
Ability: Spit Poison       |    32 |    35 |    27 |    74 |       ||   168
    Use: Scroll            |     5 |    11 |     9 |    12 |     4 ||    41
         Potion            |       |     1 |     1 |     3 |     4 ||     9
 Armour: Leather armour    |     6 |     7 |       |       |       ||    13
         Ring mail         |       |     2 |    62 |   149 |   139 ||   352
  Dodge: Dodged            |    15 |    20 |    64 |   245 |   210 ||   554

Table legend:
 A = Non-vault XP
 B = Vault XP
 C = Vault XP percentage of total XP
 D = Non-vault monster count
 E = Vault monster count
 F = Vault count percentage of total count
                 A         B        C        D         E       F
            +---------+---------+-------+---------+---------+-------
      Total |   32966 |   15632 |  32.2 |     283 |     171 |  37.7
            +---------+---------+-------+---------+---------+-------
        D:1 |      69 |       0 |   0.0 |      37 |       0 |   0.0
        D:2 |     114 |       0 |   0.0 |      27 |       0 |   0.0
        D:3 |     147 |       0 |   0.0 |      16 |       0 |   0.0
        D:4 |     175 |       0 |   0.0 |      14 |       0 |   0.0
        D:5 |     365 |       0 |   0.0 |      12 |       0 |   0.0
        D:6 |     783 |     238 |  23.3 |      19 |       3 |  13.6
        D:7 |     348 |    1590 |  82.0 |       5 |       8 |  61.5
        D:8 |    1469 |    2486 |  62.9 |      22 |       4 |  15.4
        D:9 |    2928 |    1026 |  25.9 |      17 |      26 |  60.5
       D:10 |    3310 |    1733 |  34.4 |      22 |      23 |  51.1
       D:11 |    3160 |     975 |  23.6 |      11 |       4 |  26.7
     Lair:1 |    3487 |    2485 |  41.6 |      14 |       8 |  36.4
     Lair:2 |    5192 |    2344 |  31.1 |      25 |       8 |  24.2
     Lair:3 |    3053 |     576 |  15.9 |      13 |       2 |  13.3
     Lair:4 |    7460 |    1562 |  17.3 |      27 |      20 |  42.6
     Lair:5 |     906 |     523 |  36.6 |       2 |       3 |  60.0
    Ossuary |       0 |      94 | 100.0 |       0 |      62 | 100.0
            +---------+---------+-------+---------+---------+-------
